 Dungeon Crawl Stone Soup version 0.31-a0-198-g2ad674f65e (webtiles) character file.

Game seed: 7609213999973581660

123 qw the Skirmisher (level 4, -1/25 HPs)
             Began as a Deep Elf Hunter on June 25, 2023.
             Slain by Pikel
             ... wielding a +1 whip of freezing
              (5 damage)
             ... on level 4 of the Dungeon.
             The game lasted 00:00:57 (1990 turns).

qw the Skirmisher (Deep Elf Hunter)                 Turns: 1990, Time: 00:00:57

Health: -1/25      AC:  8    Str: 10    XL:     4   Next: 79%
Magic:  0/6        EV:  9    Int: 14    God:
Gold:   207        SH:  0    Dex: 21    Spells: 3/3 levels left

rFire   . . .        Y - +0 shortbow
rCold   . . .        (shield currently unavailable)
rNeg    . . .        j - +0 scale mail
rPois   .            l - +0 helmet
rElec   .            (no cloak)
rCorr   .            h - +0 pair of gloves
SInv    .            (no boots)
Will    .....        a - amulet of Pairph {Spirit Dex+3}
Stlth   +            (no ring)
HPRegen 0.24/turn    (no ring)
MPRegen 0.10/turn

%: guardian spirit
@: about to teleport
A: no striking features
a: no special abilities


You were on level 4 of the Dungeon.
You visited 1 branch of the dungeon, and saw 4 of its levels.

You collected 207 gold pieces.


   Skills:
 - Level 1.5 Fighting
 - Level 8.0 Ranged Weapons
 + Level 0.0 Armour
 - Level 3.0 Dodging
 - Level 1.2 Stealth


You had 3 spell levels left.
You didn't know any spells.
Your spell library was empty.

Inventory:

Hand Weapons
 Y - a +0 shortbow (weapon)
Armour
 h - a +0 pair of gloves (worn)
 j - a +0 scale mail (worn)
 l - a +0 helmet (worn)
Jewellery
 a - the amulet of Pairph (around neck) {Spirit Dex+3}
   (You acquired it on level 1 of the Dungeon)

   [amulet of guardian spirit]

   It causes incoming damage to be divided between your reserves of health and
   magic.
   Dex:       It affects your dexterity (+3).
Scrolls
 f - a scroll of teleportation
 i - a scroll of identify
Potions
 b - a potion of curing
 d - a potion of enlightenment
 e - a potion of might
 g - a potion of berserk rage {unknown}

Dungeon Overview and Level Annotations

Branches:
Dungeon (4/15)
 Temple: D:4-7

Altars:
Gozag

Annotations:
D:4 Pikel


Message History

The arrow hits the lemure but does no damage.
A lemure comes into view.
The lemure moves out of view.
You shoot an arrow. The arrow barely misses the lemure.
The lemure closely misses you.
You shoot an arrow. The lemure shouts!
The arrow hits the lemure!
The lemure is moderately wounded.
The lemure completely misses you.
You shoot an arrow. The arrow hits the lemure.
The lemure is heavily wounded.
The lemure hits you but does no damage. The lemure closely misses you.
You shoot an arrow. The arrow completely misses the lemure.
You shoot an arrow. The arrow barely misses the lemure.
The lemure hits you.
You shoot an arrow. The arrow hits the lemure!
The lemure is severely wounded.
The lemure closely misses you. The lemure hits you.
You shoot an arrow. The arrow hits the lemure.
The lemure is almost dead.
The lemure hits you. The lemure completely misses you.
The lemure hits you but does no damage.
You shoot an arrow. The arrow hits the lemure!
You kill the lemure!
That felt strangely unrewarding.
Pikel hits you with a +1 whip of freezing!
Pikel freezes you.
You shoot an arrow. The arrow barely misses Pikel.
Pikel hits you but does no damage.
You shoot an arrow.
The arrow hits Pikel but does no damage.
Pikel barely misses you.
Pikel hits you with a +1 whip of freezing!
Pikel freezes you.
1990 ||| READING 2 scrolls of teleportation.
As you read the scroll of teleportation, it crumbles to dust.
You feel strangely unstable.
Pikel hits you with a +1 whip of freezing.
You die...

#.......#
#######.####
#.##..
##########
#.##..
#........#
#.##..
#.######.#
#.##.. #.#
#.# #.##..
####.# #.#
#.##..
#..@.# #.#
#.##..
##K### #.#
#.##.. #5
#.###.##..
#5
#.........
#5
########.#
#. #.# #.
#.# .. #..
###


You could see Pikel and 3 lemures.

Vanquished Creatures
  A lemure (D:4)
  An orc wizard (D:3)
  An adder (D:2)
  A worm (D:4)
  A dart slug (D:3)
  8 orcs (D:3)
  9 ball pythons
  9 endoplasms
  5 giant cockroaches
  8 goblins
  4 hobgoblins
  3 quokkas
  4 bats
  6 frilled lizards
  4 kobolds
  7 rats
72 creatures vanquished.

Notes
Turn   | Place    | Note
-------+----------+-------------------------------------------
     0 | D:1      | qw the Deep Elf Hunter began the quest for the Orb.
     0 | D:1      | Reached XP level 1. HP: 12/12 MP: 3/3
     0 | D:1      | 0 ||| qw: Version: 0.3-a-22-g0ed2b0b
     0 | D:1      | 0 ||| qw: Game counter: 5317
     0 | D:1      | 0 ||| qw: Melee chars always use a shield: true
     0 | D:1      | 0 ||| qw: God list: Okawaru
     0 | D:1      | 0 ||| qw: Allow faded altars: false
     0 | D:1      | 0 ||| qw: Do Orc after clearing Dungeon:15 true
     0 | D:1      | 0 ||| qw: Do second Lair branch before Depths: true
     0 | D:1      | 0 ||| qw: Lair rune preference: random
     0 | D:1      | 0 ||| qw: Goals: Normal
     0 | D:1      | 0 ||| PLANNING D:1-11
   150 | D:1      | Reached XP level 2. HP: 16/16 MP: 4/4
   196 | D:1      | Reached skill level 6 in Ranged Weapons
   716 | D:1      | 716 ||| READING scroll labelled ZALUXA VORCHIRO.
   717 | D:1      | 717 ||| READING scroll labelled UCZIRPH MATUGISK.
   718 | D:1      | 718 ||| READING scroll labelled EGE WUSEPE.
   719 | D:1      | 719 ||| READING scroll labelled OMUTUCV ODGHA.
   720 | D:1      | 720 ||| READING scroll labelled TUSAOC TYQIN.
   720 | D:1      | Identified a scroll of acquirement
   720 | D:1      | 720 ||| ACQUIRING amulet of Pairph {Spirit Dex+3}
   720 | D:1      | Acquired the amulet of Pairph {Spirit Dex+3}
   722 | D:1      | 722 ||| UPGRADING to amulet of Pairph {Spirit Dex+3}.
   727 | D:1      | 727 ||| DROPPING scroll of butterflies.
   773 | D:2      | Reached XP level 3. HP: 20/20 MP: 5/5
  1005 | D:2      | Reached skill level 7 in Ranged Weapons
  1101 | D:2      | Reached skill level 3 in Dodging
  1168 | D:2      | 1168 ||| UPGRADING to +0 pair of gloves.
  1173 | D:2      | 1173 ||| READING 2 scrolls labelled ECKAER XISMUL.
  1176 | D:2      | 1176 ||| READING scroll labelled NOWKOR MIN.
  1178 | D:2      | 1178 ||| Stepping ~*~*~tactically~*~*~ (cloud).
  1183 | D:2      | HP: 5/20 [poisoned by you (poison gas)]
  1343 | D:3      | 1343 ||| FLEEEEING.
  1344 | D:3      | 1344 ||| FLEEEEING.
  1390 | D:3      | Reached XP level 4. HP: 25/25 MP: 6/6
  1470 | D:3      | Found an opulent altar of Gozag.
  1497 | D:3      | 1497 ||| UPGRADING to +0 scale mail.
  1514 | D:3      | 1514 ||| DROPPING +0 leather armour.
  1635 | D:3      | 1635 ||| UPGRADING to +0 helmet.
  1739 | D:3      | 1739 ||| DROPPING ring of magical power.
  1740 | D:3      | 1740 ||| DRINKING 2 fuming brown potions.
  1780 | D:3      | 1780 ||| READING 4 scrolls of identify.
  1780 | D:3      | 1780 ||| IDENTIFYING metallic emerald potion
  1781 | D:3      | 1781 ||| READING 3 scrolls of identify.
  1781 | D:3      | 1781 ||| IDENTIFYING grey potion
  1782 | D:3      | 1782 ||| READING 2 scrolls of identify.
  1782 | D:3      | 1782 ||| IDENTIFYING clear potion
  1783 | D:3      | 1783 ||| DROPPING potion of lignification.
  1871 | D:4      | Reached skill level 8 in Ranged Weapons
  1978 | D:4      | Noticed Pikel
  1978 | D:4      | Noticed a lemure
  1978 | D:4      | Noticed a lemure
  1978 | D:4      | Noticed a lemure
  1979 | D:4      | Noticed a lemure
  1987 | D:4      | Killed a lemure
  1989 | D:4      | HP: 4/25 [Pikel/+1 whip of freezing (8)]
  1990 | D:4      | 1990 ||| READING 2 scrolls of teleportation.
  1990 | D:4      | Slain by Pikel

Levels and vault maps discovered:
D:1:      sevenhm_arrival_forest_fort_large_1, layout_basic,
          corexii_hall_statues_l, roderic_roman_lattice
D:2:      layout_rooms
D:3:      layout_basic, mainiacjoe_overflow_boulevard, kennysheep_generic_room_8
D:4:      layout_loops_ring, amcnicky_altar_gilded, st_stairs_4,
          kennysheep_donut, hangedman_glass_teeth, minivault_27, uniq_pikel,
          uniq_eustachio

Skill      XL: |  1  2  3  4 |
---------------+-------------+-----
Ranged Weapons | 6 7 8 |  8.0
Dodging        | 3 |  3.0
Fighting       | |  1.5
Stealth        | |  1.2

Action                     |  1- 3 |  4- 6 || total
---------------------------+-------+-------++-------
   Fire: Shortbow          |   107 |    76 ||   183
    Use: Scroll            |     7 |     4 ||    11
         Potion            |       |     1 ||     1
 Armour: Leather armour    |     3 |     1 ||     4
         Scale mail        |       |     7 ||     7
  Dodge: Dodged            |    12 |    15 ||    27

Table legend:
 A = Non-vault XP
 B = Vault XP
 C = Vault XP percentage of total XP
 D = Non-vault monster count
 E = Vault monster count
 F = Vault count percentage of total count
                 A         B        C        D         E       F
            +---------+---------+-------+---------+---------+-------
      Total |     172 |       4 |   2.3 |      68 |       3 |   4.2
            +---------+---------+-------+---------+---------+-------
        D:1 |      36 |       4 |  10.0 |      23 |       3 |  11.5
        D:2 |      43 |       0 |   0.0 |      19 |       0 |   0.0
        D:3 |      86 |       0 |   0.0 |      24 |       0 |   0.0
        D:4 |       7 |       0 |   0.0 |       2 |       0 |   0.0
            +---------+---------+-------+---------+---------+-------
